 Dungeon Crawl Stone Soup version 0.30.1-11-g7821555f0a (webtiles) character file.

Game seed: 15142227842806597307

6920 lonewolfV2 the Caregiver (level 11, -10/115 HPs)
             Began as a Formicid Fighter on Nov 14, 2023.
             Was a Believer of Elyvilon.
             Mangled by an orange demon (11 damage)
             ... led by Amaemon
             ... on level 9 of the Dungeon.
             The game lasted 00:14:31 (8856 turns).

lonewolfV2 the Caregiver (Formicid Fighter)         Turns: 8856, Time: 00:14:31

Health: -10/115    AC: 12    Str: 26    XL:     11   Next: 27%
Magic:  1/23       EV: 10    Int:  7    God:    Elyvilon [**....]
Gold:   488        SH: 10    Dex: 13    Spells: 10/10 levels left

rFire   . . .        a - +1 war axe (spect)
rCold   . . .        c - +0 buckler
rNeg    . . .        o - +0 plate armour {Will+}
rPois   .            (helmet unavailable)
rElec   .            y - +0 cloak
rCorr   .            (no gloves)
SInv    +            (no boots)
Will    ++...        h - amulet of reflection Stlth
                     (no ring)
HPRegen 0.39/turn    (no ring)
MPRegen 0.18/turn

%: reflection
@: mighty, divinely vigorous
A: permanent stasis, dig shafts and tunnels, antennae 3, four strong arms
a: Dig, Shaft Self, Renounce Religion, Purification, Heal Other


You were on level 9 of the Dungeon.
You worshipped Elyvilon.
Elyvilon was pleased with you.
You visited 1 branch of the dungeon, and saw 9 of its levels.

You collected 520 gold pieces.
You spent 32 gold pieces at shops.

Inventory:

Hand Weapons
 a - a +1 spectral war axe (weapon)
Missiles
 e - a throwing net
Armour
 c - a +0 buckler (worn)
 o - a +0 plate armour of willpower (worn)
 y - a +0 cloak (worn)
Jewellery
 h - an amulet of reflection (around neck)
Wands
 s - a wand of polymorph (8)
 w - a wand of mindburst (8)
Scrolls
 i - 2 scrolls of brand weapon
 m - 2 scrolls of vulnerability
 r - 2 scrolls of silence
 u - 4 scrolls of noise
 x - a scroll of amnesia
Potions
 b - a potion of lignification
 f - a potion of berserk rage {unknown}
 g - 3 potions of mutation
 j - 2 potions of brilliance
 k - 3 potions of attraction
 n - a potion of degeneration {unknown}
 p - 3 potions of invisibility
 q - a potion of ambrosia {unknown}
 t - 2 potions of magic
 v - a potion of flight {unknown}


   Skills:
 - Level 10.6 Fighting
 - Level 2.0 Axes
 - Level 3.2 Armour
 - Level 9.0 Dodging
 - Level 4.0 Shields
 * Level 11.5 Invocations


You had 10 spell levels left.
You didn't know any spells.
Your spell library contained the following spells:

 Spells                   Type           Power      Damage    Failure   Level
 Sandblast                Erth           0%         2d4       100%        1
 Passwall                 Tmut/Erth      0%         N/A       100%        2
 Dazzling Flash           Conj/Hex       0%         N/A       100%        3
 Portal Projectile        Hex/Tloc       0%         N/A       100%        3
 Stone Arrow              Conj/Erth      0%         3d7       100%        3
 Tukima's Dance           Hex            0%         N/A       100%        3
 Volatile Blastmotes      Fire/Tloc      0%         2d10      100%        3
 Iskenderun's Mystic Bla  Conj/Tloc      0%         2d3       100%        4
 Blade Hands              Tmut           0%         N/A       100%        5
 Starburst                Conj/Fire      0%         6d3       100%        6


Dungeon Overview and Level Annotations

Branches:
Dungeon (9/15)             Temple (0/1) D:7
   Lair: D:8-11         Orc: D:9-12

Altars:
Elyvilon
Okawaru
Wu Jian

Shops:
D:5 [[[((   D:7 *

Annotations:
D:9 Amaemon


Innate Abilities, Weirdness & Mutations

You cannot be hasted, slowed, berserked, paralysed or teleported.
You can dig through walls and to a lower floor.
You have a pair of large antennae on your head. (SInv)
Your four strong arms can wield two-handed weapons with a shield.


Message History

You can no longer provide healing for yourself.
Your +1 spectral war axe disappears.
You feel extremely sick. The scorpion barely misses you.
Amaemon barely misses you. Amaemon closely misses you.
You block Amaemon's attack.
The orange demon stings you but does no damage.
You closely miss Amaemon.
Amaemon is moderately wounded.
You hit the scorpion.
Your +1 spectral war axe barely misses Amaemon.
Your +1 spectral war axe hits the scorpion!
You kill the scorpion!
The scorpion's corpse disappears in a puff of smoke!
You feel extremely sick. Amaemon hits you but does no damage.
Amaemon closely misses you. Amaemon barely misses you.
The orange demon stings you from afar!
* * * LOW HITPOINT WARNING * * *
You are lethally poisoned!
You have difficulty breathing.
* * * LOW HITPOINT WARNING * * *
Your stasis prevents you from being slowed.
Press: ? - help, Dir - move target, p - Amaemon
Okay, then.
You feel very mighty all of a sudden.
Your +1 spectral war axe disappears.
* * * LOW HITPOINT WARNING * * *
You feel extremely sick. The orange demon closely misses you.
You block Amaemon's attack. Amaemon barely misses you.
You block Amaemon's attack.
Press: ? - help, Dir - move target, f/p - Amaemon Heal: Amaemon, wielding a +0 demon whip of venom (moderately wounded, chance to pacify: 2%)
The light of Elyvilon fails to reach Amaemon.
* * * LOW HITPOINT WARNING * * *
You feel very sick. The orange demon stings you from afar.
* * * LOW HITPOINT WARNING * * *
You block Amaemon's attack. x2; Amaemon tail-slaps you.
Elyvilon protects you from harm!
You feel purified! The orange demon stings you from afar!
You die...

### ##########.. ..#
##...............## ...
#..................
..###..................
..##...................
.....#..........#....
.<...##..........4.
.....###)†..##..6#
..[..##..†..###)@#
...?.....†.†..)).#
...........##....#
...............#...#
...............##..#
...............# #...
..............# ...#
.#............# ##...
..........$.. ###


You could see Amaemon and an orange demon (curare).

Vanquished Creatures
  Gastronok (D:8)
  A two-headed ogre (D:9)
  A komodo dragon (D:8)
  A troll (D:6)
  Prince Ribbit (D:5)
  Grinder (D:4)
  A shadow (D:9)
  5 yaks (D:9)
  A steam dragon (D:8)
  Menkaure (D:5)
  A black bear (D:6)
  3 ice beasts
  6 ogres
  3 centaurs
  Blork the orc (D:5)
  A kobold brigand (D:8)
  2 scorpions (D:7)
  4 bullfrogs
  9 wights
  6 killer bees
  4 howler monkeys
  4 hounds
  2 quasits (D:8)
  2 jellies
  3 orc priests
  Jessica (D:2)
  Crazy Yiuf (D:5)
  4 iguanas
  3 orc wizards (D:4)
  10 adders
  A shadow imp (D:8)
  A white imp (D:7)
  A worm (D:4)
  2 dart slugs
  28 orcs
  3 ball pythons
  5 bats
  2 endoplasms
  A giant cockroach (D:2)
  7 goblins
  6 hobgoblins
  3 quokkas (D:4)
  6 frilled lizards
  6 kobolds
  7 rats
163 creatures vanquished.

Notes
Turn   | Place    | Note
-------+----------+-------------------------------------------
     0 | D:1      | lonewolfV2 the Formicid Fighter began the quest for the
                  | Orb.
     0 | D:1      | Reached XP level 1. HP: 18/18 MP: 1/1
   242 | D:1      | Reached XP level 2. HP: 25/25 MP: 2/2
   764 | D:2      | Reached XP level 3. HP: 30/31 MP: 3/3
  1122 | D:2      | You fall into a shaft and drop 2 floors!
  1252 | D:2      | Noticed Jessica
  1255 | D:2      | Killed Jessica
  1256 | D:2      | Reached skill level 5 in Fighting
  1256 | D:2      | Reached XP level 4. HP: 39/39 MP: 4/4
  2216 | D:3      | Reached XP level 5. HP: 46/46 MP: 5/5
  2223 | D:3      | Found a faded altar of an unknown god.
  2230 | D:3      | Prayed at the altar of an unknown god.
  2230 | D:3      | Became a worshipper of Elyvilon the Healer
  2230 | D:3      | Reached * piety under Elyvilon
  2672 | D:3      | Reached ** piety under Elyvilon
  3005 | D:4      | Noticed an ogre
  3034 | D:4      | Noticed Grinder
  3043 | D:4      | Killed Grinder
  3044 | D:4      | Reached XP level 6. HP: 50/55 MP: 6/6
  3190 | D:4      | Noticed an ogre
  3194 | D:4      | Killed an ogre
  3195 | D:4      | Reached XP level 7. HP: 55/62 MP: 7/7
  3920 | D:5      | Entered Level 5 of the Dungeon
  3924 | D:5      | Noticed Menkaure
  3929 | D:5      | Killed Menkaure
  3930 | D:5      | Reached XP level 8. HP: 37/72 MP: 8/8
  4078 | D:5      | Found Qayriysko's Weapon Boutique.
  4131 | D:5      | Reached skill level 10 in Fighting
  4197 | D:5      | Noticed Prince Ribbit
  4208 | D:5      | Killed Prince Ribbit
  4266 | D:5      | Found Faavul's Antique Weapon Shoppe.
  4303 | D:5      | Reached skill level 1 in Dodging
  4454 | D:5      | Found Ariafiod's Antique Armour Boutique.
  4494 | D:5      | Noticed Blork the orc
  4497 | D:5      | Killed Blork the orc
  4604 | D:5      | Reached *** piety under Elyvilon
  4668 | D:5      | Found a runed translucent door.
  4669 | D:5      | Noticed Crazy Yiuf
  4735 | D:5      | Found Qolinwuso's Armour Boutique.
  4840 | D:5      | Found Nouxtav's Antique Armour Shop.
  4915 | D:5      | Killed Crazy Yiuf
  5056 | D:6      | Reached XP level 9. HP: 73/79 MP: 9/9
  5146 | D:6      | Reached skill level 5 in Dodging
  5181 | D:6      | Noticed a troll
  5197 | D:6      | Killed a troll
  5882 | D:6      | Reached **** piety under Elyvilon
  6123 | D:7      | Found an ornate altar of the Wu Jian Council.
  6201 | D:7      | Found a staircase to the Ecumenical Temple.
  6632 | D:7      | Reached XP level 10. HP: 77/85 MP: 10/10
  6678 | D:7      | Found Daefos's Assorted Antiques.
  6684 | D:7      | Bought a scroll labelled ZEOCSUCHEWN for 32 gold pieces
  7267 | D:8      | Noticed Gastronok
  7297 | D:8      | Killed Gastronok
  7298 | D:8      | Reached skill level 6 in Invocations
  7592 | D:8      | Reached skill level 7 in Invocations
  7915 | D:8      | Found an iron altar of Okawaru.
  7982 | D:8      | Reached skill level 8 in Invocations
  8047 | D:8      | Noticed a komodo dragon
  8063 | D:8      | Killed a komodo dragon
  8449 | D:8      | Identified the +1 leather armour "Feint" {rF+ Int+2}
  8575 | D:8      | Reached ***** piety under Elyvilon
  8733 | D:9      | Reached skill level 9 in Invocations
  8740 | D:9      | Reached XP level 11. HP: 89/92 MP: 17/17
  8750 | D:9      | Reached skill level 10 in Invocations
  8814 | D:9      | Noticed a two-headed ogre
  8818 | D:9      | Noticed Amaemon
  8822 | D:9      | Killed a two-headed ogre
  8823 | D:9      | Reached skill level 11 in Invocations
  8855 | D:9      | HP: 1/115 [orange demon[Amaemon] (6)]
  8855 | D:9      | Elyvilon protects you from harm!
  8856 | D:9      | Mangled by an orange demon

Illustrated notes

Levels and vault maps discovered:
D:1:      scummos_arrival_hexagon, layout_basic
D:2:      layout_basic, uniq_jessica
D:3:      layout_basic, dilly_ecumenical_altar_fadedgnrine,
          hangedman_decor_peaks_small, hex_intersection
D:4:      layout_loops_ring, chequers_arboretum, minmay_strange_pillars,
          chequers_mini_garden, kennysheep_opposing_triangles, uniq_grinder
D:5:      layout_basic, serial_shops, nicolae_shop_crystal,
          kennysheep_little_box, nicolae_shop_pleasant_corner_grove,
          kennysheep_mini_moat, nicolae_shop_stone, uniq_blork_the_orc,
          uniq_prince_ribbit1, uniq_crazy_yiuf_cottage, uniq_menkaure
D:6:      layout_basic
D:7:      layout_gridville, mainiacjoe_overflow_brackets,
          lemuel_temple_firewalk_b, serial_shops, nicolae_shop_crystal
D:8:      layout_loops_cross, kennysheep_okawaru_gauntlet, serial_demonic,
          serial_demonic_c, serial_demonic_b, serial_demonic_b,
          serial_demonic_g, minmay_lizard_king, uniq_gastronok
D:9:      layout_cave_pools, erik_orc_1, uniq_amaemon

Skill      XL: |  1  2  3  4  5  6  7  8  9 10 11 |
---------------+----------------------------------+-----
Fighting       | 4 5 7 8 9 10 | 10.6
Dodging        | 4 8 9 |  9.0
Invocations    | 9 11 | 11.5
Axes           | |  2.0
Armour         | |  3.2
Shields        | |  4.0

Action                     |  1- 3 |  4- 6 |  7- 9 | 10-12 || total
---------------------------+-------+-------+-------+-------++-------
  Melee: War axe           |    60 |    52 |   141 |   134 ||   387
 Invoke: Heal Self         |       |       |     1 |    13 ||    14
         Purification      |       |       |       |     2 ||     2
         Heal Other        |       |       |       |     2 ||     2
         Divine Vigour     |       |       |       |     1 ||     1
  Evoke: Wand              |       |       |       |     6 ||     6
    Use: Scroll            |     2 |     6 |     8 |     3 ||    19
         Potion            |       |       |       |     8 ||     8
   Stab: Distracted        |       |     1 |     1 |       ||     2
 Armour: Scale mail        |     5 |       |       |       ||     5
         Chain mail        |    35 |     3 |       |       ||    38
         Plate armour      |       |    19 |    63 |   105 ||   187
  Dodge: Dodged            |    27 |    12 |    49 |   103 ||   191
  Block: Buckler           |    19 |    24 |    91 |   136 ||   270
         Reflection        |       |       |     3 |     2 ||     5
